 Dungeon Crawl Stone Soup version 0.29.0-15-g675c0067aa (webtiles) character file.

Game seed: 3195802056917039384

42860 qw the Severer (level 13, -2/187 HPs)
             Began as a Minotaur Berserker on Sept 11, 2022.
             Was an Elder of Trog.
             Slain by a 20-headed hydra (3 damage)
             ... on level 5 of the Lair of Beasts.
             The game lasted 00:06:38 (20678 turns).

qw the Severer (Minotaur Berserker)                Turns: 20678, Time: 00:06:39

Health: -2/187     AC: 22    Str: 26    XL:     13   Next: 87%
Magic:  12/12      EV:  9    Int:  4    God:    Trog [****..]
Gold:   534        SH: 17    Dex:  9    Spells: 12/12 levels left

rFire   . . .      SeeInvis +   Y - +2 war axe
rCold   . . .      Faith    .   m - +0 kite shield
rNeg    . . .      Spirit   .   i - +0 plate armour
rPois   .          Reflect  +   (helmet restricted)
rElec   .          Harm     .   h - +1 cloak
rCorr   .          Rampage  .   j - +2 pair of gloves
Will    ++...                   (no boots)
Stlth   ..........              l - amulet of reflection
HPRegen 0.41/turn               d - ring of willpower
MPRegen 0.13/turn               o - ring of willpower

@: berserking (expiring), very quick
A: horns 2, retaliatory headbutt, claws 1, see invisible, weak 1, MP-powered
wands, sturdy frame 1
a: Renounce Religion, Berserk, Trog's Hand, Brothers in Arms


You were on level 5 of the Lair of Beasts.
You worshipped Trog.
Trog was greatly pleased with you.
You visited 2 branches of the dungeon, and saw 15 of its levels.

You collected 980 gold pieces.
You spent 446 gold pieces at shops.


Innate Abilities, Weirdness & Mutations

You have a pair of horns on your head.
You reflexively headbutt those who attack you in melee.
You have sharp fingernails.
You have supernaturally acute eyesight. (SInv)
You are weak. (Str -2)
You expend magic power (3 MP) to strengthen your wands.
Your movements are slightly less encumbered by armour. (ER -2)


   Skills:
 + Level 14.6 Fighting
 - Level 16.0 Axes
 - Level 3.0 Throwing
 - Level 13.0 Armour
 - Level 5.0 Dodging
 - Level 14.0 Shields


You had 12 spell levels left.
You didn't know any spells.
Your spell library was empty.

Inventory:

Hand Weapons
 b - a +5 morningstar
 Y - a +2 war axe (weapon)
Missiles
 k - 15 boomerangs (quivered)
Armour
 h - a +1 cloak (worn)
 i - a +0 plate armour (worn)
 j - a +2 pair of gloves (worn)
 m - a +0 kite shield (worn)
Jewellery
 d - a ring of willpower (left hand)
 l - an amulet of reflection (around neck)
 o - a ring of willpower (right hand)
 q - a ring of ice
Scrolls
 a - 9 scrolls of identify
 f - a scroll of teleportation
Potions
 c - 12 potions of curing
 e - 2 potions of haste
 g - 2 potions of mutation
 n - a potion of heal wounds
 p - a potion of cancellation
 r - a potion of might
 s - a potion of resistance

Dungeon Overview and Level Annotations

Branches:
Dungeon (10/15)            Temple (0/1) D:7            Lair (5/5) D:10
  Swamp (0/4) Lair:2       Spider (0/4) Lair:2
  Slime: Lair:4-5       Orc: D:9-12

Altars:
Cheibriados
Hepliaklqana
Makhleb
Qazlal
Ru
Sif Muna
Vehumet
Xom

Shops:
D:7 ?   D:8 *=[:

Annotations:
D:6 2 runed translucent doors
D:8 1 runed translucent door, qw's ghost, novice MiBe


Message History

The 17-headed hydra is severely wounded.
You block the 17-headed hydra's attack. x2; The 17-headed hydra bites you!
The 17-headed hydra bites you but does no damage.
The 17-headed hydra bites you. You block the 17-headed hydra's attack.
The 17-headed hydra barely misses you.
The 17-headed hydra bites you but does no damage.
The 17-headed hydra bites you! You block the 17-headed hydra's attack.
The 17-headed hydra bites you. x2
The 17-headed hydra bites you but does no damage. x2
The 17-headed hydra closely misses you. The 17-headed hydra bites you.
The 17-headed hydra bites you but does no damage.
You slice one of the 17-headed hydra's heads off!
The 16-headed hydra grows two more!
You slash the 18-headed hydra! You headbutt the 18-headed hydra!
The 18-headed hydra is severely wounded.
The 18-headed hydra bites you but does no damage. x2
You block the 18-headed hydra's attack. x2
The 18-headed hydra barely misses you.
The 18-headed hydra bites you but does no damage.
You block the 18-headed hydra's attack. The 18-headed hydra bites you! x2
The 18-headed hydra closely misses you. x2
You block the 18-headed hydra's attack.
The 18-headed hydra bites you but does no damage.
The 18-headed hydra bites you! The 18-headed hydra closely misses you.
You block the 18-headed hydra's attack.
The 18-headed hydra bites you but does no damage. x2
You hack one of the 18-headed hydra's heads off!
The 17-headed hydra grows two more!
You slash the 19-headed hydra!
Your headbutt misses the 19-headed hydra.
The 19-headed hydra is severely wounded.
The blink frog blinks!
You hack one of the 19-headed hydra's heads off!
The 18-headed hydra grows two more!
You slash the 20-headed hydra!
The 20-headed hydra is almost dead.
You block the 20-headed hydra's attack. x3
The 20-headed hydra bites you but does no damage.
The 20-headed hydra closely misses you.
You block the 20-headed hydra's attack. x2
The 20-headed hydra bites you! The 20-headed hydra barely misses you.
The 20-headed hydra bites you! The 20-headed hydra bites you.
You die...

............
...#......P..P....S.F..
. .................%YF..
#. .#.....P .......¤%Y..
... ..#.#.##.......¤t...
....#............¤.¤#...
..P.............¤.......
.......%%............|..
.....¤D@%...............
....F...<....#..........
........................
..#.....................
....#...........
########7P....P. #!...7#
##77#


You could see a 20-headed hydra and a blink frog.

Vanquished Creatures
  Rupert (Lair:3)
  3 hydras
  4 two-headed ogres
  2 catoblepae (Lair:4)
  6 death yaks (D:10)
  Sonja (Lair:4)
  Pikel (D:6)
  6 elephants (Lair:4)
  6 black mambas
  7 cane toads
  2 unseen horrors
  3 rime drakes
  9 komodo dragons
  6 unseen horror zombies (D:9)
  A kobold demonologist (D:10)
  3 trolls
  A polar bear (Lair:3)
  2 hornets
  13 blink frogs
  A shadow (D:10)
  7 dream sheep
  A vampire (D:10)
  3 wyverns
  2 wraiths
  27 yaks
  4 vampire mosquitoes (D:8)
  6 basilisks
  2 steam dragons
  Eustachio (D:6)
  Menkaure (D:7)
  Edmund (D:5)
  12 water moccasins
  4 orc warriors
  Duvessa (D:7)
  3 sky beasts
  2 black bears
  3 wolves (Lair:3)
  4 ogres
  4 centaurs
  2 lemures (D:6)
  2 phantoms
  3 kobold brigands
  13 bullfrogs
  2 gnoll sergeants
  2 necrophages
  5 scorpions
  16 wights
  Dowan (D:7)
  3 killer bees
  7 electric eels
  2 howler monkeys
  2 centaur zombies (D:9)
  A hound (D:6)
  2 jellies (D:4)
  7 orc priests
  Natasha (twice) (D:2)
  A gnoll bouda (D:6)
  Terence (D:3)
  6 iguanas
  11 orc wizards
  Robin (D:3)
  15 gnolls
  9 adders
  A shadow imp (D:7)
  A white imp (D:6)
  A worm (Lair:2)
  5 dart slugs
  39 orcs
  7 ball pythons
  5 endoplasms
  7 giant cockroaches
  15 goblins
  6 hobgoblins
  2 jackals (D:2)
  4 quokkas
  5 bats
  4 frilled lizards
  21 kobolds
  6 rats
411 creatures vanquished.

Vanquished Creatures (collateral kills)
  A hydra (Lair:2)
  A death yak (D:10)
  A tyrant leech (Lair:2)
  A yak (Lair:2)
4 creatures vanquished.

Vanquished Creatures (others)
  31 fungi
  33 plants
  4 withered plants (D:9)
68 creatures vanquished.

Grand Total: 483 creatures vanquished

Notes
Turn   | Place    | Note
-------+----------+-------------------------------------------
     0 | D:1      | qw the Minotaur Berserker began the quest for the Orb.
     0 | D:1      | Reached XP level 1. HP: 19/19 MP: 0/0
     0 | D:1      | 0 ||| qw: Version: 0.1-a-119-g272c26d
     0 | D:1      | 0 ||| qw: Game counter: 10741
     0 | D:1      | 0 ||| qw: Always use a shield: true
     0 | D:1      | 0 ||| qw: Do Orc after D:15 true
     0 | D:1      | 0 ||| qw: Do second Lair branch before Depths: true
     0 | D:1      | 0 ||| qw: Lair rune preference: random
     0 | D:1      | 0 ||| qw: Plans: Normal
     0 | D:1      | 0 ||| PLANNING D:1-11
   225 | D:1      | Reached skill level 4 in Axes
   369 | D:1      | 369 ||| DROPPING +0 club.
   376 | D:1      | Found a faded altar of an unknown god.
   422 | D:1      | Reached XP level 2. HP: 23/26 MP: 1/1
   892 | D:1      | Reached ** piety under Trog
  1022 | D:1      | Reached skill level 5 in Axes
  1204 | D:1      | 1204 ||| UPGRADING to +0 leather armour.
  1214 | D:1      | 1214 ||| DROPPING +0 animal skin.
  1215 | D:1      | 1215 ||| UPGRADING to +0 cloak.
  1220 | D:1      | 1220 ||| UPGRADING to +0 plate armour.
  1230 | D:1      | 1230 ||| DROPPING +0 leather armour.
  1231 | D:1      | 1231 ||| READING 9 scrolls labelled CACWAE JOITA.
  1232 | D:1      | 1232 ||| READING 8 scrolls of identify.
  1232 | D:1      | 1232 ||| IDENTIFYING grey potion
  1233 | D:1      | 1233 ||| READING 7 scrolls of identify.
  1233 | D:1      | 1233 ||| IDENTIFYING emerald potion
  1234 | D:1      | 1234 ||| READING 6 scrolls of identify.
  1234 | D:1      | 1234 ||| IDENTIFYING glowing coppery potion
  1235 | D:1      | 1235 ||| DROPPING potion of degeneration.
  1236 | D:1      | 1236 ||| DROPPING potion of brilliance.
  1273 | D:2      | Reached XP level 3. HP: 30/31 MP: 2/2
  1432 | D:2      | Noticed Natasha
  1433 | D:2      | 1433 ||| Stepping ~*~*~tactically~*~*~ (hiding).
  1436 | D:2      | 1436 ||| INVOKING Berserk.
  1438 | D:2      | Killed Natasha
  1550 | D:2      | Reached XP level 4. HP: 39/39 MP: 3/3
  1562 | D:2      | Found a stormy altar of Qazlal.
  1576 | D:2      | Reached skill level 6 in Axes
  1578 | D:2      | 1578 ||| FLEEEEING.
  1579 | D:2      | 1579 ||| FLEEEEING.
  1592 | D:2      | 1592 ||| FLEEEEING.
  1593 | D:2      | 1593 ||| FLEEEEING.
  1594 | D:2      | 1594 ||| FLEEEEING.
  1595 | D:2      | 1595 ||| STAIRDANCE
  1619 | D:1      | 1619 ||| DRINKING 2 clear potions.
  1619 | D:1      | Gained mutation: You sometimes lose your temper in combat.
                  | [potion of mutation]
  1619 | D:1      | Gained mutation: You have sharp fingernails. [potion of
                  | mutation]
  1619 | D:1      | Gained mutation: You have hidden genetic potential. [potion
                  | of mutation]
  1620 | D:1      | 1620 ||| DRINKING potion of mutation.
  1620 | D:1      | Lost mutation: You sometimes lose your temper in combat.
                  | [potion of mutation]
  1620 | D:1      | Lost mutation: You have hidden genetic potential. [potion
                  | of mutation]
  1620 | D:1      | Gained mutation: You are weak. (Str -2) [potion of
                  | mutation]
  1620 | D:1      | Gained mutation: You expend magic power (3 MP) to
                  | strengthen your wands. [potion of mutation]
  1620 | D:1      | Gained mutation: Your movements are slightly less
                  | encumbered by armour. (ER -2) [potion of mutation]
  1620 | D:1      | Gained mutation: You have supernaturally acute eyesight.
                  | (SInv) [potion of mutation]
  1621 | D:1      | 1621 ||| READING 5 scrolls of identify.
  1621 | D:1      | 1621 ||| IDENTIFYING dark potion
  1622 | D:1      | 1622 ||| DROPPING potion of attraction.
  1972 | D:2      | 1972 ||| Stepping ~*~*~tactically~*~*~ (stealth).
  1974 | D:2      | 1974 ||| Stepping ~*~*~tactically~*~*~ (stealth).
  2037 | D:2      | Noticed Natasha
  2040 | D:2      | 2040 ||| INVOKING Berserk.
  2043 | D:2      | Killed Natasha
  2252 | D:2      | 2252 ||| READING scroll labelled JITICR XAYMEG.
  2274 | D:3      | 2274 ||| STAIRDANCE
  2297 | D:3      | 2297 ||| FLEEEEING.
  2298 | D:3      | 2298 ||| STAIRDANCE
  2354 | D:3      | 2354 ||| STAIRDANCE
  2394 | D:3      | 2394 ||| INVOKING Berserk.
  2397 | D:3      | Reached skill level 7 in Axes
  2397 | D:3      | Reached XP level 5. HP: 45/45 MP: 4/4
  2400 | D:3      | 2400 ||| STAIRDANCE
  2655 | D:3      | 2655 ||| INVOKING Berserk.
  2657 | D:3      | Found a shimmering altar of Xom.
  2670 | D:3      | Reached skill level 3 in Armour
  2991 | D:3      | 2991 ||| INVOKING Berserk.
  3114 | D:3      | Noticed an ogre
  3117 | D:3      | 3117 ||| INVOKING Berserk.
  3120 | D:3      | Killed an ogre
  3121 | D:3      | Reached XP level 6. HP: 52/53 MP: 5/5
  3235 | D:3      | Noticed Terence
  3239 | D:3      | 3239 ||| INVOKING Berserk.
  3249 | D:3      | Killed Terence
  3250 | D:3      | Reached skill level 8 in Axes
  3374 | D:3      | 3374 ||| DROPPING +0 whip.
  3398 | D:3      | 3398 ||| Stepping ~*~*~tactically~*~*~ (stealth).
  3401 | D:3      | 3401 ||| Stepping ~*~*~tactically~*~*~ (stealth).
  3403 | D:3      | 3403 ||| Stepping ~*~*~tactically~*~*~ (hiding).
  3414 | D:3      | Reached *** piety under Trog
  3416 | D:3      | Noticed Robin
  3422 | D:3      | 3422 ||| INVOKING Berserk.
  3427 | D:3      | Killed Robin
  3675 | D:3      | 3675 ||| UPGRADING to ring of willpower.
  3676 | D:3      | 3676 ||| READING scroll labelled CYDDATHR SOMIYPN.
  3677 | D:3      | 3677 ||| READING 2 scrolls labelled FUFO QOTZOTHRAKK.
  3678 | D:3      | 3678 ||| READING scroll labelled NEZUIN YZYH.
  3679 | D:3      | 3679 ||| READING scroll labelled VAYPRE ROTE.
  3680 | D:3      | 3680 ||| READING 4 scrolls of identify.
  3680 | D:3      | 3680 ||| IDENTIFYING fizzy grey potion
  3681 | D:3      | 3681 ||| DROPPING potion of flight.
  3682 | D:3      | 3682 ||| DROPPING scroll of magic mapping.
  3726 | D:4      | 3726 ||| INVOKING Berserk.
  3836 | D:4      | 3836 ||| Stepping ~*~*~tactically~*~*~ (stealth).
  3949 | D:4      | 3949 ||| Stepping ~*~*~tactically~*~*~ (stealth).
  3950 | D:4      | 3950 ||| Stepping ~*~*~tactically~*~*~ (stealth).
  3988 | D:4      | 3988 ||| INVOKING Berserk.
  3991 | D:4      | Reached skill level 9 in Axes
  4112 | D:4      | Found a shimmering blue altar of Sif Muna.
  4350 | D:4      | 4350 ||| Stepping ~*~*~tactically~*~*~ (stealth).
  4352 | D:4      | 4352 ||| Stepping ~*~*~tactically~*~*~ (stealth).
  4353 | D:4      | 4353 ||| Stepping ~*~*~tactically~*~*~ (stealth).
  4354 | D:4      | 4354 ||| Stepping ~*~*~tactically~*~*~ (stealth).
  4355 | D:4      | 4355 ||| Stepping ~*~*~tactically~*~*~ (stealth).
  4628 | D:4      | 4628 ||| UPGRADING to +0 buckler.
  4633 | D:4      | 4633 ||| READING 3 scrolls of identify.
  4633 | D:4      | 4633 ||| IDENTIFYING murky cyan potion
  4634 | D:4      | 4634 ||| READING 2 scrolls of identify.
  4634 | D:4      | 4634 ||| IDENTIFYING purple potion
  4635 | D:4      | 4635 ||| DROPPING potion of berserk rage.
  4656 | D:5      | Entered Level 5 of the Dungeon
  4658 | D:5      | 4658 ||| STAIRDANCE
  4664 | D:4      | Reached skill level 1 in Shields
  4664 | D:4      | Reached XP level 7. HP: 43/60 MP: 6/6
  4756 | D:5      | Reached skill level 3 in Shields
  4756 | D:5      | 4756 ||| STAIRDANCE
  4827 | D:5      | Noticed Edmund
  4831 | D:5      | 4831 ||| INVOKING Berserk.
  4835 | D:5      | Killed Edmund
  4997 | D:5      | 4997 ||| INVOKING Berserk.
  5357 | D:5      | Reached XP level 8. HP: 68/68 MP: 7/7
  5520 | D:5      | 5520 ||| READING scroll labelled UCIMEU USTROE.
  5526 | D:5      | 5526 ||| FLEEEEING.
  5527 | D:5      | 5527 ||| FLEEEEING.
  5528 | D:5      | 5528 ||| FLEEEEING.
  5529 | D:5      | 5529 ||| FLEEEEING.
  5533 | D:5      | 5533 ||| FLEEEEING.
  5534 | D:5      | 5534 ||| FLEEEEING.
  5535 | D:5      | 5535 ||| FLEEEEING.
  5548 | D:5      | Reached skill level 10 in Axes
  5606 | D:5      | 5606 ||| READING scroll labelled ODENYBL QEORAU.
  5667 | D:5      | 5667 ||| INVOKING Berserk.
  5670 | D:5      | Reached skill level 1 in Throwing
  5837 | D:5      | 5837 ||| Stepping ~*~*~tactically~*~*~ (stealth).
  5847 | D:5      | 5847 ||| DRINKING 2 fuming red potions.
  5925 | D:5      | 5925 ||| READING scroll labelled VAYXKYTHAGG.
  5926 | D:5      | 5926 ||| DROPPING potion of lignification.
  5954 | D:6      | 5954 ||| PLANNING SEWER
  5954 | D:6      | 5954 ||| STAIRDANCE
  6004 | D:6      | Reached skill level 6 in Fighting
  6202 | D:6      | Noticed Eustachio
  6203 | D:6      | 6203 ||| Stepping ~*~*~tactically~*~*~ (hiding).
  6205 | D:6      | Found a large runed translucent door.
  6206 | D:6      | Found a large runed translucent door.
  6207 | D:6      | 6207 ||| INVOKING Berserk.
  6211 | D:6      | Killed Eustachio
  6214 | D:6      | Reached skill level 11 in Axes
  6229 | D:6      | 6229 ||| Stepping ~*~*~tactically~*~*~ (stealth).
  6230 | D:6      | 6230 ||| Stepping ~*~*~tactically~*~*~ (stealth).
  6387 | D:6      | 6387 ||| Stepping ~*~*~tactically~*~*~ (stealth).
  6456 | D:6      | 6456 ||| Stepping ~*~*~tactically~*~*~ (hiding).
  6500 | D:6      | Noticed Pikel
  6502 | D:6      | 6502 ||| Stepping ~*~*~tactically~*~*~ (stealth).
  6507 | D:6      | 6507 ||| INVOKING Berserk.
  6519 | D:6      | Killed Pikel
  6520 | D:6      | Reached XP level 9. HP: 75/75 MP: 8/8
  6574 | D:6      | 6574 ||| RIP SEWER
  6582 | D:6      | 6582 ||| PLANNING D:1-11
  6584 | D:6      | 6584 ||| DROPPING +2 mace of holy wrath.
  6631 | D:6      | Noticed a troll
  6631 | D:6      | Noticed a troll
  6636 | D:6      | 6636 ||| INVOKING Berserk.
  6645 | D:6      | Killed a troll
  6647 | D:6      | Killed a troll
  6648 | D:6      | Reached skill level 12 in Axes
  6759 | D:6      | 6759 ||| Stepping ~*~*~tactically~*~*~ (hiding).
  6763 | D:6      | 6763 ||| INVOKING Berserk.
  6798 | D:6      | 6798 ||| FLEEEEING.
  6799 | D:6      | 6799 ||| FLEEEEING.
  6800 | D:6      | 6800 ||| FLEEEEING.
  6801 | D:6      | 6801 ||| FLEEEEING.
  6802 | D:6      | 6802 ||| FLEEEEING.
  6803 | D:6      | 6803 ||| FLEEEEING.
  6804 | D:6      | 6804 ||| FLEEEEING.
  6805 | D:6      | 6805 ||| FLEEEEING.
  6850 | D:6      | 6850 ||| Stepping ~*~*~tactically~*~*~ (stealth).
  6879 | D:6      | 6879 ||| Stepping ~*~*~tactically~*~*~ (stealth).
  6890 | D:6      | Reached **** piety under Trog
  7030 | D:6      | 7030 ||| DROPPING +1 whip of electrocution.
  7062 | D:6      | Reached skill level 13 in Axes
  7272 | D:6      | 7272 ||| INVOKING Berserk.
  7585 | D:6      | 7585 ||| UPGRADING to +2 pair of gloves.
  7590 | D:6      | 7590 ||| READING scroll labelled KIPHEA GAPHASK.
  7591 | D:6      | 7591 ||| READING 3 scrolls labelled TUL TAUDEZITE.
  7592 | D:6      | 7592 ||| READING 2 scrolls of enchant weapon.
  7592 | D:6      | 7592 ||| ENCHANTING +1 hand axe.
  7593 | D:6      | 7593 ||| READING scroll of enchant weapon.
  7593 | D:6      | 7593 ||| ENCHANTING +2 hand axe.
  7594 | D:6      | 7594 ||| DRINKING 2 lumpy puce potions.
  7595 | D:6      | 7595 ||| READING 4 scrolls of identify.
  7595 | D:6      | 7595 ||| IDENTIFYING metallic purple potion
  7596 | D:6      | 7596 ||| DROPPING potion of ambrosia.
  7614 | D:7      | 7614 ||| PLANNING OSSUARY
  7651 | D:7      | Reached XP level 10. HP: 83/88 MP: 9/9
  7840 | D:7      | Noticed Duvessa
  7841 | D:7      | 7841 ||| INVOKING Berserk.
  7846 | D:7      | Killed Duvessa
  7850 | D:7      | Noticed Dowan
  7851 | D:7      | 7851 ||| Stepping ~*~*~tactically~*~*~ (stealth).
  7858 | D:7      | Killed Dowan
  8027 | D:7      | Reached skill level 14 in Axes
  8103 | D:7      | Noticed Menkaure
  8109 | D:7      | 8109 ||| INVOKING Berserk.
  8112 | D:7      | Killed Menkaure
  8336 | D:7      | 8336 ||| RIP OSSUARY
  8360 | D:7      | 8360 ||| PLANNING D:1-11
  8398 | D:7      | Found a hazy altar of Hepliaklqana.
  8428 | D:7      | 8428 ||| Stepping ~*~*~tactically~*~*~ (stealth).
  8452 | D:7      | Found a staircase to the Ecumenical Temple.
  8453 | D:7      | 8453 ||| Stepping ~*~*~tactically~*~*~ (hiding).
  8457 | D:7      | Reached ***** piety under Trog
  8540 | D:7      | 8540 ||| FLEEEEING.
  8541 | D:7      | 8541 ||| FLEEEEING.
  8542 | D:7      | 8542 ||| FLEEEEING.
  8542 | D:7      | HP: 21/90 [electric eel/bolt of electricity (4)]
  8543 | D:7      | 8543 ||| FLEEEEING.
  8545 | D:7      | 8545 ||| FLEEEEING.
  8546 | D:7      | 8546 ||| FLEEEEING.
  8547 | D:7      | 8547 ||| FLEEEEING.
  8547 | D:7      | HP: 15/90 [electric eel/bolt of electricity (7)]
  8548 | D:7      | 8548 ||| FLEEEEING.
  8554 | D:7      | 8554 ||| STAIRDANCE
  8897 | D:7      | 8897 ||| Stepping ~*~*~tactically~*~*~ (hiding).
  8901 | D:7      | 8901 ||| Stepping ~*~*~tactically~*~*~ (stealth).
  8913 | D:7      | Reached skill level 9 in Fighting
  8944 | D:7      | 8944 ||| FLEEEEING.
  8948 | D:7      | 8948 ||| FLEEEEING.
  8949 | D:7      | 8949 ||| FLEEEEING.
  8950 | D:7      | 8950 ||| FLEEEEING.
  8951 | D:7      | 8951 ||| FLEEEEING.
  8952 | D:7      | 8952 ||| FLEEEEING.
  8955 | D:7      | 8955 ||| FLEEEEING.
  8957 | D:7      | 8957 ||| STAIRDANCE
  9090 | D:7      | Found Ybobaniu's Magic Scroll Emporium.
  9099 | D:7      | 9099 ||| SHOPLISTING 3 scrolls of acquirement (2496 gold,
                  | have 476).
  9099 | D:7      | 9099 ||| BUYING scroll of enchant armour (120 gold).
  9099 | D:7      | Bought a scroll of enchant armour for 120 gold pieces
  9099 | D:7      | 9099 ||| BUYING scroll of identify (32 gold).
  9099 | D:7      | Bought a scroll of identify for 32 gold pieces
  9099 | D:7      | 9099 ||| BUYING scroll of identify (32 gold).
  9099 | D:7      | Bought a scroll of identify for 32 gold pieces
  9099 | D:7      | 9099 ||| READING scroll of enchant armour.
  9099 | D:7      | 9099 ||| ENCHANTING +0 cloak.
  9139 | D:7      | 9139 ||| Stepping ~*~*~tactically~*~*~ (stealth).
  9141 | D:7      | 9141 ||| Stepping ~*~*~tactically~*~*~ (hiding).
  9507 | D:7      | 9507 ||| Stepping ~*~*~tactically~*~*~ (stealth).
  9514 | D:7      | 9514 ||| INVOKING Berserk.
  9667 | D:8      | Found Otokourr's Book Boutique.
  9674 | D:8      | 9674 ||| Stepping ~*~*~tactically~*~*~ (stealth).
  9846 | D:8      | 9846 ||| Stepping ~*~*~tactically~*~*~ (hiding).
  9847 | D:8      | 9847 ||| Stepping ~*~*~tactically~*~*~ (stealth).
  9855 | D:8      | 9855 ||| Stepping ~*~*~tactically~*~*~ (stealth).
  9868 | D:8      | Reached skill level 6 in Shields
  9881 | D:8      | 9881 ||| SWAPPING to +0 war axe.
  9882 | D:8      | 9882 ||| DROPPING +3 hand axe.
  9898 | D:8      | Found Zaod's Antique Armour Shop.
  9899 | D:8      | 9899 ||| Stepping ~*~*~tactically~*~*~ (stealth).
  9913 | D:8      | 9913 ||| Stepping ~*~*~tactically~*~*~ (stealth).
  9923 | D:8      | 9923 ||| Stepping ~*~*~tactically~*~*~ (stealth).
  9932 | D:8      | 9932 ||| INVOKING Berserk.
 10086 | D:8      | 10086 ||| BUYING runed buckler (262 gold).
 10086 | D:8      | Bought a runed buckler for 262 gold pieces
 10086 | D:8      | 10086 ||| SHOPLISTING shiny buckler (262 gold, have 132).
 10092 | D:8      | Found a runed translucent door.
 10092 | D:8      | Noticed qw's ghost (novice MiBe)
 10108 | D:8      | Found a sacrificial altar of Ru.
 10108 | D:8      | Found a burning altar of Makhleb.
 10156 | D:8      | Found Udifeur's Jewellery Shoppe.
 10165 | D:8      | 10165 ||| SHOPLISTING amulet of reflection (360 gold, have
                  | 132).
 10165 | D:8      | 10165 ||| SHOPLISTING ring "Yneifan" {rF+ SInv} (434 gold,
                  | have 132).
 10165 | D:8      | 10165 ||| SHOPLISTING ring of protection from cold (300
                  | gold, have 132).
 10165 | D:8      | 10165 ||| SHOPLISTING ring of willpower (300 gold, have
                  | 132).
 10397 | D:8      | Found a radiant altar of Vehumet.
 10412 | D:8      | Found Biozyd's Demolitions Depot.
 10685 | D:8      | 10685 ||| UPGRADING to +1 buckler of poison resistance.
 10695 | D:8      | 10695 ||| DROPPING +0 buckler.
 10696 | D:8      | 10696 ||| READING scroll labelled PEHYET LOUMMO.
 10697 | D:8      | 10697 ||| READING 5 scrolls of identify.
 10697 | D:8      | 10697 ||| IDENTIFYING red potion
 10715 | D:9      | 10715 ||| Stepping ~*~*~tactically~*~*~ (stealth).
 10730 | D:9      | 10730 ||| Stepping ~*~*~tactically~*~*~ (stealth).
 10731 | D:9      | 10731 ||| Stepping ~*~*~tactically~*~*~ (stealth).
 10732 | D:9      | 10732 ||| Stepping ~*~*~tactically~*~*~ (stealth).
 10734 | D:9      | 10734 ||| Stepping ~*~*~tactically~*~*~ (stealth).
 10736 | D:9      | 10736 ||| Stepping ~*~*~tactically~*~*~ (stealth).
 10754 | D:9      | Reached skill level 15 in Axes
 10754 | D:9      | 10754 ||| FLEEEEING.
 10755 | D:9      | 10755 ||| FLEEEEING.
 10756 | D:9      | 10756 ||| FLEEEEING.
 10757 | D:9      | 10757 ||| FLEEEEING.
 10758 | D:9      | 10758 ||| FLEEEEING.
 10759 | D:9      | 10759 ||| STAIRDANCE
 10835 | D:9      | 10835 ||| Stepping ~*~*~tactically~*~*~ (hiding).
 10836 | D:9      | 10836 ||| Stepping ~*~*~tactically~*~*~ (hiding).
 10837 | D:9      | 10837 ||| Stepping ~*~*~tactically~*~*~ (hiding).
 10873 | D:9      | 10873 ||| Stepping ~*~*~tactically~*~*~ (stealth).
 10874 | D:9      | 10874 ||| Stepping ~*~*~tactically~*~*~ (stealth).
 10876 | D:9      | 10876 ||| Stepping ~*~*~tactically~*~*~ (stealth).
 10877 | D:9      | 10877 ||| Stepping ~*~*~tactically~*~*~ (stealth).
 10885 | D:9      | 10885 ||| DROPPING +0 flail.
 10950 | D:9      | Reached XP level 11. HP: 89/97 MP: 10/10
 10996 | D:9      | 10996 ||| Stepping ~*~*~tactically~*~*~ (stealth).
 11000 | D:9      | 11000 ||| Stepping ~*~*~tactically~*~*~ (stealth).
 11006 | D:9      | 11006 ||| Stepping ~*~*~tactically~*~*~ (stealth).
 11049 | D:9      | Noticed a two-headed ogre
 11052 | D:9      | 11052 ||| INVOKING Berserk.
 11059 | D:9      | Killed a two-headed ogre
 11060 | D:9      | Reached skill level 16 in Axes
 11238 | D:9      | 11238 ||| Stepping ~*~*~tactically~*~*~ (hiding).
 11247 | D:9      | Reached skill level 3 in Dodging
 11249 | D:9      | 11249 ||| Stepping ~*~*~tactically~*~*~ (stealth).
 11250 | D:9      | 11250 ||| Stepping ~*~*~tactically~*~*~ (stealth).
 11271 | D:9      | 11271 ||| Stepping ~*~*~tactically~*~*~ (hiding).
 11273 | D:9      | 11273 ||| Stepping ~*~*~tactically~*~*~ (hiding).
 11280 | D:9      | 11280 ||| Stepping ~*~*~tactically~*~*~ (stealth).
 11311 | D:9      | 11311 ||| Stepping ~*~*~tactically~*~*~ (hiding).
 11313 | D:9      | 11313 ||| Stepping ~*~*~tactically~*~*~ (hiding).
 11330 | D:9      | 11330 ||| Stepping ~*~*~tactically~*~*~ (hiding).
 11331 | D:9      | 11331 ||| Stepping ~*~*~tactically~*~*~ (hiding).
 11339 | D:9      | 11339 ||| Stepping ~*~*~tactically~*~*~ (stealth).
 11353 | D:9      | 11353 ||| INVOKING Berserk.
 11672 | D:9      | 11672 ||| Stepping ~*~*~tactically~*~*~ (hiding).
 11673 | D:9      | 11673 ||| Stepping ~*~*~tactically~*~*~ (hiding).
 11821 | D:9      | Found a snail-covered altar of Cheibriados.
 11895 | D:9      | 11895 ||| Stepping ~*~*~tactically~*~*~ (cloud).
 11914 | D:9      | 11914 ||| Stepping ~*~*~tactically~*~*~ (hiding).
 11915 | D:9      | 11915 ||| Stepping ~*~*~tactically~*~*~ (hiding).
 11918 | D:9      | 11918 ||| INVOKING Berserk.
 12372 | D:10     | Entered Level 10 of the Dungeon
 12379 | D:10     | Reached skill level 9 in Armour
 12409 | D:10     | 12409 ||| Stepping ~*~*~tactically~*~*~ (hiding).
 12412 | D:10     | Noticed a death yak
 12413 | D:10     | 12413 ||| Stepping ~*~*~tactically~*~*~ (stealth).
 12418 | D:10     | 12418 ||| INVOKING Berserk.
 12520 | D:10     | Noticed a death yak
 12521 | D:10     | 12521 ||| INVOKING Brothers in Arms.
 12521 | D:10     | Noticed a death yak
 12523 | D:10     | Noticed a death yak
 12524 | D:10     | 12524 ||| INVOKING Berserk.
 12524 | D:10     | Noticed a death yak
 12526 | D:10     | Noticed a death yak
 12528 | D:10     | Killed a death yak
 12529 | D:10     | Noticed a death yak
 12529 | D:10     | Noticed a two-headed ogre
 12536 | D:10     | Killed a death yak
 12544 | D:10     | Killed a death yak
 12546 | D:10     | Noticed a two-headed ogre
 12548 | D:10     | Killed a death yak
 12549 | D:10     | Found a staircase to the Lair.
 12557 | D:10     | Killed a death yak
 12560 | D:10     | Killed a two-headed ogre
 12562 | D:10     | HP: 18/102 [two-headed ogre/+0 giant spiked club (11)]
 12563 | D:10     | 12563 ||| READING 2 scrolls of teleportation.
 12564 | D:10     | 12564 ||| DRINKING 4 potions of heal wounds.
 12565 | D:10     | 12565 ||| DRINKING 3 potions of heal wounds.
 12572 | D:10     | 12572 ||| INVOKING Brothers in Arms.
 12576 | D:10     | Killed a death yak
 12578 | D:10     | Killed a death yak
 12579 | D:10     | Reached skill level 12 in Fighting
 12644 | D:10     | 12644 ||| Stepping ~*~*~tactically~*~*~ (stealth).
 12645 | D:10     | 12645 ||| Stepping ~*~*~tactically~*~*~ (stealth).
 12659 | D:10     | 12659 ||| Stepping ~*~*~tactically~*~*~ (stealth).
 12667 | D:10     | 12667 ||| Stepping ~*~*~tactically~*~*~ (stealth).
 12668 | D:10     | 12668 ||| Stepping ~*~*~tactically~*~*~ (stealth).
 12669 | D:10     | 12669 ||| Stepping ~*~*~tactically~*~*~ (stealth).
 12670 | D:10     | 12670 ||| Stepping ~*~*~tactically~*~*~ (stealth).
 12706 | D:10     | 12706 ||| INVOKING Berserk.
 12710 | D:10     | Killed a two-headed ogre
 12711 | D:10     | Reached XP level 12. HP: 112/112 MP: 11/11
 12803 | D:10     | 12803 ||| INVOKING Berserk.
 13088 | D:10     | 13088 ||| Stepping ~*~*~tactically~*~*~ (hiding).
 13174 | D:10     | 13174 ||| Stepping ~*~*~tactically~*~*~ (hiding).
 13310 | D:10     | Noticed a two-headed ogre
 13331 | D:10     | Killed a two-headed ogre
 13673 | D:10     | 13673 ||| FLEEEEING.
 13674 | D:10     | 13674 ||| FLEEEEING.
 13677 | D:10     | 13677 ||| FLEEEEING.
 13797 | D:10     | Reached skill level 3 in Throwing
 13970 | D:10     | 13970 ||| UPGRADING to +0 kite shield.
 13980 | D:10     | 13980 ||| DROPPING +1 buckler of poison resistance.
 13981 | D:10     | 13981 ||| UPGRADING to amulet of reflection.
 14175 | D:10     | 14175 ||| PLANNING LAIR
 14292 | Lair:1   | Entered Level 1 of the Lair of Beasts
 14422 | Lair:1   | 14422 ||| Stepping ~*~*~tactically~*~*~ (stealth).
 14436 | Lair:1   | 14436 ||| INVOKING Berserk.
 14445 | Lair:1   | HP: 28/113 [poisoned by a cane toad]
 14681 | Lair:1   | 14681 ||| Stepping ~*~*~tactically~*~*~ (stealth).
 14682 | Lair:1   | 14682 ||| Stepping ~*~*~tactically~*~*~ (stealth).
 14684 | Lair:1   | 14684 ||| Stepping ~*~*~tactically~*~*~ (stealth).
 14783 | Lair:1   | 14783 ||| INVOKING Berserk.
 14789 | Lair:1   | Reached skill level 9 in Shields
 14989 | Lair:1   | 14989 ||| INVOKING Berserk.
 15858 | Lair:1   | 15858 ||| READING scroll labelled EQASUA ZONIMMY.
 15944 | Lair:2   | Noticed an eight-headed hydra
 15945 | Lair:2   | 15945 ||| INVOKING Brothers in Arms.
 15948 | Lair:2   | 15948 ||| SWAPPING to +5 morningstar.
 15949 | Lair:2   | 15949 ||| INVOKING Berserk.
 15955 | Lair:2   | Killed an eight-headed hydra
 15967 | Lair:2   | 15967 ||| SWAPPING to +0 war axe.
 15981 | Lair:2   | 15981 ||| Stepping ~*~*~tactically~*~*~ (stealth).
 16011 | Lair:2   | Noticed a four-headed hydra
 16012 | Lair:2   | 16012 ||| INVOKING Brothers in Arms.
 16015 | Lair:2   | 16015 ||| SWAPPING to +5 morningstar.
 16017 | Lair:2   | 16017 ||| Stepping ~*~*~tactically~*~*~ (water).
 16017 | Lair:2   | Killed a four-headed hydra
 16018 | Lair:2   | 16018 ||| SWAPPING to +0 war axe.
 16027 | Lair:2   | Found a staircase to the Swamp.
 16067 | Lair:2   | 16067 ||| INVOKING Berserk.
 16070 | Lair:2   | Reached skill level 12 in Shields
 16343 | Lair:2   | 16343 ||| Stepping ~*~*~tactically~*~*~ (stealth).
 16551 | Lair:2   | 16551 ||| INVOKING Berserk.
 16667 | Lair:2   | 16667 ||| Stepping ~*~*~tactically~*~*~ (hiding).
 16789 | Lair:2   | 16789 ||| Stepping ~*~*~tactically~*~*~ (stealth).
 16790 | Lair:2   | 16790 ||| Stepping ~*~*~tactically~*~*~ (stealth).
 16818 | Lair:2   | Noticed a six-headed hydra
 16819 | Lair:2   | 16819 ||| INVOKING Brothers in Arms.
 16820 | Lair:2   | 16820 ||| SWAPPING to +5 morningstar.
 16821 | Lair:2   | 16821 ||| INVOKING Berserk.
 16824 | Lair:2   | Killed a six-headed hydra
 16825 | Lair:2   | Reached XP level 13. HP: 119/119 MP: 12/12
 16841 | Lair:2   | 16841 ||| SWAPPING to +0 war axe.
 17053 | Lair:2   | Found a hole to the Spider Nest.
 17373 | Lair:2   | 17373 ||| UPGRADING to ring of willpower.
 17442 | Lair:3   | 17442 ||| INVOKING Berserk.
 17576 | Lair:3   | Noticed Rupert
 17577 | Lair:3   | 17577 ||| INVOKING Trog's Hand.
 17579 | Lair:3   | 17579 ||| INVOKING Berserk.
 17596 | Lair:3   | Killed Rupert
 17971 | Lair:3   | 17971 ||| STAIRDANCE
 18005 | Lair:3   | 18005 ||| STAIRDANCE
 18007 | Lair:3   | 18007 ||| STAIRDANCE
 18319 | Lair:3   | Identified the +0 scale mail of Boredom {+Inv Regen+ Str+4
                  | Int+3}
 18342 | Lair:3   | Reached skill level 12 in Armour
 18386 | Lair:3   | 18386 ||| DRINKING 2 viscous purple potions.
 18387 | Lair:3   | 18387 ||| READING 10 scrolls of identify.
 18387 | Lair:3   | 18387 ||| IDENTIFYING inky potion
 18399 | Lair:4   | 18399 ||| INVOKING Berserk.
 18416 | Lair:4   | 18416 ||| STAIRDANCE
 18524 | Lair:4   | 18524 ||| STAIRDANCE
 18526 | Lair:3   | 18526 ||| INVOKING Berserk.
 18658 | Lair:4   | 18658 ||| INVOKING Berserk.
 18805 | Lair:4   | 18805 ||| READING 2 scrolls of enchant weapon.
 18805 | Lair:4   | 18805 ||| ENCHANTING +0 war axe.
 18806 | Lair:4   | 18806 ||| READING scroll of enchant weapon.
 18806 | Lair:4   | 18806 ||| ENCHANTING +1 war axe.
 18816 | Lair:4   | 18816 ||| Stepping ~*~*~tactically~*~*~ (stealth).
 18818 | Lair:4   | 18818 ||| INVOKING Berserk.
 18843 | Lair:4   | 18843 ||| Stepping ~*~*~tactically~*~*~ (stealth).
 19162 | Lair:4   | Noticed Sonja
 19163 | Lair:4   | 19163 ||| INVOKING Berserk.
 19185 | Lair:4   | Killed Sonja
 19333 | Lair:4   | 19333 ||| Stepping ~*~*~tactically~*~*~ (stealth).
 19505 | Lair:4   | 19505 ||| INVOKING Brothers in Arms.
 19507 | Lair:4   | 19507 ||| SWAPPING to +5 morningstar.
 19509 | Lair:4   | 19509 ||| INVOKING Berserk.
 19515 | Lair:4   | 19515 ||| SWAPPING to +2 war axe.
 19623 | Lair:4   | 19623 ||| Stepping ~*~*~tactically~*~*~ (stealth).
 19665 | Lair:4   | 19665 ||| Stepping ~*~*~tactically~*~*~ (hiding).
 19832 | Lair:4   | 19832 ||| Stepping ~*~*~tactically~*~*~ (hiding).
 20345 | Lair:5   | Entered Level 5 of the Lair of Beasts
 20347 | Lair:5   | 20347 ||| Stepping ~*~*~tactically~*~*~ (cloud).
 20348 | Lair:5   | 20348 ||| STAIRDANCE
 20352 | Lair:5   | 20352 ||| INVOKING Berserk.
 20369 | Lair:5   | 20369 ||| STAIRDANCE
 20380 | Lair:4   | 20380 ||| Stepping ~*~*~tactically~*~*~ (cloud).
 20383 | Lair:4   | 20383 ||| Stepping ~*~*~tactically~*~*~ (cloud).
 20385 | Lair:4   | HP: 23/124 [catoblepas (16)]
 20386 | Lair:4   | 20386 ||| READING 2 scrolls of teleportation.
 20387 | Lair:4   | 20387 ||| DRINKING 2 potions of heal wounds.
 20547 | Lair:4   | 20547 ||| INVOKING Berserk.
 20652 | Lair:5   | 20652 ||| INVOKING Berserk.
 20675 | Lair:5   | HP: 46/187 [17-headed hydra (6)]
 20676 | Lair:5   | HP: 22/187 [18-headed hydra (9)]
 20678 | Lair:5   | HP: 8/187 [20-headed hydra (7)]
 20678 | Lair:5   | HP: 1/187 [20-headed hydra (7)]
 20678 | Lair:5   | Slain by a 20-headed hydra

Levels and vault maps discovered:
D:1:      shiori_arrival_elements, layout_basic,
          dilly_ecumenical_altar_fadedgnrine, chequers_serial_rivers_marsh
D:2:      layout_basic, basic_altar, kennysheep_generic_room_10, uniq_natasha
D:3:      layout_basic, tgw_xom, uniq_robin, uniq_terence
D:4:      layout_loops_ring, mainiacjoe_overflow_surrounded_room
D:5:      layout_basic, minmay_puff, uniq_edmund
D:6:      layout_basic, jmf_multi_god_temple2, gup_sewer_entry_bowl,
          minmay_divided_ellipse, uniq_pikel, uniq_eustachio
D:7:      statuecave_lemuel, layout_basic, worldfamousw_hep_ancestral_shrine,
          minmay_temple_entry_arrows, lightli_ossuary_entry_decrepit_ruins,
          serial_shops, nicolae_shop_trees, uniq_menkaure, uniq_duvessa
D:8:      layout_basic, jmf_multi_god_temple, mainiacjoe_overflow_24_doors,
          serial_shops, nicolae_shop_statue_plus, nicolae_shop_window_shopping,
          nicolae_shop_waterfront, hellmonk_ghost_big_iron,
          nicolae_blasting_shop
D:9:      layout_rooms, overflow_temple_1_default, serial_undead,
          serial_undead_b, serial_undead_e, serial_undead_e, serial_undead_b,
          serial_undead_e, serial_undead_e
D:10:     minmay_thinvault, layout_basic, dpeg_lair_monsters,
          minmay_unpleasant_kobolds
Lair:1:   layout_chaotic_city, serial_bayou, serial_bayou_pond_c,
          serial_bayou_pond_d, serial_bayou_ford_a, serial_bayou_pond_e,
          serial_bayou_pond_b
Lair:2:   layout_roguey, palyth_hydra_swamp_entry,
          nicolae_spider_entry_non_spiders, st_stairs_9, grunt_megastairs_2
Lair:3:   layout_big_grid, uniq_rupert
Lair:4:   layout_small_grid, uniq_sonja
Lair:5:   due_jungle_book, layout_long_grid, dpeg_slime_entry_enclosed,
          tgw_fedhas, uniq_josephine

Skill      XL: |  1  2  3  4  5  6  7  8  9 10 11 12 13 |
---------------+----------------------------------------+-----
Axes           | 4 5 7 9 11 13 15 16 | 16.0
Armour         | 3 4 7 8 10 11 13 | 13.0
Fighting       | 4 5 6 8 9 12 14 | 14.6
Shields        | 1 3 5 6 7 12 14 | 14.0
Throwing       | 1 2 3 |  3.0
Dodging        | 3 4 5 |  5.0

Action                   |  1- 3 |  4- 6 |  7- 9 | 10-12 | 13-15 || total
-------------------------+-------+-------+-------+-------+-------++-------
Melee: Hand axe          |    56 |   120 |   256 |   139 |       ||   571
       Headbutt          |     3 |    16 |    58 |   134 |    59 ||   270
       Punch             |     1 |       |       |       |       ||     1
       War axe           |       |       |       |   459 |   249 ||   708
       Morningstar       |       |       |       |    17 |     3 ||    20
Throw: Boomerang         |    18 |    35 |    50 |    87 |    55 ||   245
Invok: Berserk           |     1 |     9 |     8 |    18 |    11 ||    47
       Brothers in Arms  |       |       |       |     5 |     1 ||     6
       Trog's Hand       |       |       |       |       |     1 ||     1
  Use: Scroll            |     4 |     9 |     8 |     5 |     4 ||    30
       Potion            |       |     2 |     2 |     2 |     2 ||     8
 Stab: Distracted        |       |       |       |     1 |       ||     1
       Petrified         |       |       |       |       |    11 ||    11
Armor: Animal skin       |     6 |       |       |       |       ||     6
       Plate armour      |     5 |    64 |    88 |   255 |   167 ||   579
       Skin              |       |       |     6 |       |       ||     6
Dodge: Dodged            |    27 |    35 |    52 |   187 |    68 ||   369
Block: Buckler           |       |       |    33 |    81 |       ||   114
       Kite shield       |       |       |       |    60 |   228 ||   288
       Reflection        |       |       |       |       |     3 ||     3

Table legend:
 A = Non-vault XP
 B = Vault XP
 C = Vault XP percentage of total XP
 D = Non-vault monster count
 E = Vault monster count
 F = Vault count percentage of total count
                 A         B        C        D         E       F
            +---------+---------+-------+---------+---------+-------
      Total |   38990 |   22239 |  36.3 |     300 |     113 |  27.4
            +---------+---------+-------+---------+---------+-------
        D:1 |      39 |       0 |   0.0 |      24 |       0 |   0.0
        D:2 |      85 |      38 |  30.9 |      16 |       2 |  11.1
        D:3 |     274 |     114 |  29.4 |      21 |      20 |  48.8
        D:4 |     245 |       0 |   0.0 |      13 |       0 |   0.0
        D:5 |     636 |     305 |  32.4 |      12 |       4 |  25.0
        D:6 |    1784 |    1955 |  52.3 |      26 |      16 |  38.1
        D:7 |    1944 |     379 |  16.3 |      34 |       3 |   8.1
        D:8 |    1270 |     339 |  21.1 |      17 |       2 |  10.5
        D:9 |    2524 |    2936 |  53.8 |      28 |      16 |  36.4
       D:10 |    2182 |    9992 |  82.1 |       8 |      31 |  79.5
     Lair:1 |    3028 |     658 |  17.9 |      11 |       3 |  21.4
     Lair:2 |    6337 |    2824 |  30.8 |      28 |      14 |  33.3
     Lair:3 |    3549 |    1923 |  35.1 |      15 |       1 |   6.2
     Lair:4 |   11443 |     776 |   6.4 |      33 |       1 |   2.9
     Lair:5 |    3650 |       0 |   0.0 |      14 |       0 |   0.0
            +---------+---------+-------+---------+---------+-------
